 Dungeon Crawl Stone Soup version 0.29.1-15-g9cfb28693d (webtiles) character file.

Game seed: 11343456155105375787

12849 croobank the Destroyer (level 11, -12/84 HPs)
             Began as a Demonspawn Conjurer on Feb 23, 2023.
             Was an Initiate of Gozag.
             Mangled by a troll (16 damage)
             ... on level 11 of the Dungeon.
             The game lasted 00:49:34 (18028 turns).

croobank the Destroyer (Demonspawn Conjurer)       Turns: 18028, Time: 00:49:35

Health: -12/84     AC:  6    Str: 14    XL:     11   Next: 67%
Magic:  17/21      EV: 15    Int: 23    God:    Gozag
Gold:   1312       SH:  5    Dex: 16    Spells: 6/23 levels left

rFire   . . .      SeeInvis +   x - +1 war axe
rCold   . . .      Faith    .   (no shield)
rNeg    . . .      Spirit   .   a - +0 robe
rPois   .          Reflect  +   (helmet restricted)
rElec   .          Harm     .   J - +0 cloak
rCorr   .          Rampage  .   v - +1 pair of gloves
Will    .....                   W - +0 pair of boots
Stlth   ++++++....              T - amulet of reflection
HPRegen 0.24/turn               y - +6 ring of strength
MPRegen 0.17/turn               G - ring of see invisible

@: mighty
A: horns 1, thin skeletal structure 2, demonic guardian 2, spiny 2
a: Renounce Religion, Potion Petition, Call Merchant, Bribe Branch


You were on level 11 of the Dungeon.
You worshipped Gozag.
Gozag was most pleased with you.
You visited 2 branches of the dungeon, and saw 12 of its levels.
You also visited: Sewer.

You collected 2247 gold pieces.
You spent 827 gold pieces at shops.
You paid 108 gold pieces to Gozag.

Inventory:

Hand Weapons
 b - a +2 vorpal sling
 m - a +0 rapier
 n - a +0 trident
 w - a +2 halberd of flaming
 x - a +1 war axe (weapon)
 I - a +4 quarterstaff of chaos
 Q - a +1 war axe of freezing
 S - a +0 short sword
Missiles
 C - 3 javelins
 O - 26 poisoned darts
 P - 2 throwing nets
 Z - 2 atropa-tipped darts
Armour
 a - a +0 robe (worn)
 h - a scarf of invisibility
 q - a +0 kite shield
 v - a +1 pair of gloves (worn)
 A - +0 swamp dragon scales
 D - a +1 ring mail of willpower
 J - a +0 cloak (worn)
 W - a +0 pair of boots (worn)
Magical Staves
 B - a staff of fire
Jewellery
 y - a +6 ring of strength (left hand)
 G - a ring of see invisible (right hand)
 T - an amulet of reflection (around neck)
 U - a ring of flight
Wands
 s - a wand of iceblast (13)
 K - a wand of charming (7)
 L - a wand of polymorph (12) (quivered)
 R - a wand of mindburst (5)
 V - a wand of digging (6)
Scrolls
 e - 2 scrolls of amnesia
 g - 4 scrolls of teleportation
 j - 2 scrolls of vulnerability
 t - 9 scrolls of identify
 z - 6 scrolls of blinking
 M - a scroll of magic mapping
 N - a scroll of immolation
Potions
 c - a potion of berserk rage
 d - 6 potions of brilliance {unknown}
 f - 2 potions of degeneration
 l - a potion of cancellation {unknown}
 o - 4 potions of mutation
 p - 9 potions of curing
 r - 2 potions of invisibility
 u - 3 potions of haste
 E - 11 potions of flight
 F - 4 potions of lignification
 H - a potion of resistance {unknown}
 Y - a potion of attraction {unknown}
Miscellaneous
 X - a condenser vane


   Skills:
 + Level 7.1 Fighting
 - Level 4.0 Armour
 + Level 6.8 Dodging
 + Level 7.5 Stealth
 + Level 6.9 Spellcasting
 + Level 8.4 Conjurations
 - Level 5.0 Hexes
 - Level 5.0 Fire Magic
 + Level 3.8 Poison Magic


You had 6 spell levels left.
You knew the following spells:

 Your Spells              Type           Power      Damage    Failure   Level
a - Magic Dart            Conj           100%       1d8       1%          1
b - Searing Ray           Conj           92%        2d7       1%          2
c - Dazzling Flash        Conj/Hex       76%        N/A       1%          3
d - Foxfire               Conj/Fire      100%       2x1d9     1%          1
e - Tukima's Dance        Hex            30%        N/A       3%          3
f - Mephitic Cloud        Conj/Pois/Air  26%        N/A       4%          3
g - Fulminant Prism       Conj/Hex       19%        3d11      4%          4

Your spell library contained the following spells:

 Spells                   Type           Power      Damage    Failure   Level
 Conjure Flame            Conj/Fire      38%        6-21      1%          3
 Sting                    Tmut/Pois      64%        1d6       3%          1
 Inner Flame              Hex/Fire       30%        N/A       3%          3
 Flame Wave               Conj/Fire      38%        2d10      4%          4
 Poisonous Vapours        Pois/Air       32%        N/A       5%          2
 Ignite Poison            Fire/Tmut/Pois 21%        N/A       7%          3
 Portal Projectile        Hex/Tloc       38%        N/A       9%          3
 Call Imp                 Summ           7%         N/A       12%         2
 Sublimation of Blood     Necr           7%         N/A       12%         2
 Iskenderun's Mystic Bla  Conj/Tloc      27%        2d7       14%         4
 Olgreb's Toxic Radiance  Pois           25%        N/A       16%         4
 Call Canine Familiar     Summ           7%         N/A       24%         3
 Frozen Ramparts          Ice            14%        1d3       24%         3
 Leda's Liquefaction      Hex/Erth       9%         N/A       28%         4
 Irradiate                Conj/Tmut      13%        3d16      36%         5
 Freezing Cloud           Conj/Ice/Air   10%        6-21      56%         5
 Starburst                Conj/Fire      19%        6d7       58%         6
 Ice Form                 Ice/Tmut       7%         N/A       61%         4
 Passage of Golubria      Tloc           7%         N/A       61%         4
 Petrify                  Tmut/Erth      7%         N/A       61%         4
 Summon Ice Beast         Ice/Summ       7%         N/A       61%         4
 Silence                  Hex/Air        9%         N/A       61%         5
 Yara's Violent Unravell  Hex/Tmut       9%         3d6       61%         5
 Agony                    Necr           7%         N/A       91%         5
 Blade Hands              Tmut           3%         N/A       91%         5


Dungeon Overview and Level Annotations

Branches:
Dungeon (11/15)            Temple (1/1) D:5            Lair (0/5) D:10
  Sewer (visited)
    Orc: D:9-12

Altars:
Ashenzari
Cheibriados
Dithmenos
Fedhas
Gozag
Hepliaklqana
Kikubaaqudgha
Makhleb
Nemelex Xobeh
Okawaru
Qazlal
Ru
Sif Muna
Trog
Uskayaw
Vehumet
Wu Jian
Xom
Yredelemnul

Shops:
D:3 **=(   D:5 !   D:6 ?

Annotations:
D:11 Fannar


Innate Abilities, Weirdness & Mutations

You have a pair of small horns on your head.
You have a moderately thin skeletal structure. (Dex +4, Stealth++)
A demonic guardian rushes to your aid.
You are mostly covered in sharp spines.


Message History

Fannar is lightly wounded.
The foxfire hits Fannar!
Fannar is lightly wounded.
Fannar is engulfed in noxious fumes.
Fannar is struck by your spines. Fannar hits you but does no damage.
Fannar freezes you!
The troll is engulfed in noxious fumes.
The troll ponders the situation.
The troll bites Fannar!
The troll barely misses Fannar.
The troll claws Fannar.
You barely miss Fannar. You headbutt Fannar!
Fannar is heavily wounded.
Fannar is engulfed in noxious fumes.
Fannar hits you with a staff of cold.
The troll is engulfed in noxious fumes.
The troll appears confused.
Fannar is engulfed in noxious fumes.
Fannar hits you with a staff of cold. Fannar freezes you!
A demonic guardian appears!
The troll is engulfed in noxious fumes.
The troll appears confused.
The troll wonders, "What am I doing in here?"
You hit Fannar but do no damage.
Fannar is heavily wounded.
Fannar is engulfed in noxious fumes.
Fannar gestures at you while chanting. The bolt of cold hits you!!
Your ice devil hits Fannar but does no damage.
The troll is engulfed in noxious fumes.
The troll appears confused.
You slash Fannar!
Fannar is severely wounded.
Fannar gestures wildly while chanting.
Your ice devil hits Fannar.
Your ice devil freezes Fannar.
Fannar resists.
Your ice devil hits Fannar!
Your ice devil freezes Fannar.
Fannar resists.
Fannar misses you.
You catch the helpless troll completely off-guard!
You slash the troll!
The troll is moderately wounded.
You barely miss Fannar. Fannar casts a spell at you.
The bolt of cold hits you!!
* * * LOW HITPOINT WARNING * * *
The ice beast hits your ice devil but does no damage.
The troll bites you!
You die...
Your body crumbles into a pile of gold.

...>..##.# #.....# #.# ##.......#
#.....# #.# ##..#.#### #.....#
#.# ....#.# #.....# #.#
###.#.#######...## #.#######
###........###.## #####........
......####.###.### #......##.#.#
.................# #.####.##.#.#
###.<##....#.###@####.####.##.#..
#............Te4Y.....##.##.###
#..#....##.###.####.#.##.##.###
#...#...##.....# .......##....
#..###......#.## #.......######
#...#...###...####.##.##.#
##..............##. .##.#
#..............##. .. #
#..............##. #.


You could see Fannar (ally target), a troll (confused), an ice beast (summoned)
and a friendly ice devil (summoned).

Vanquished Creatures
  Harold (D:9)
  A two-headed ogre (D:10)
  Pikel (D:8)
  2 trolls (D:11)
  Grinder (D:3)
  4 hornets
  Prince Ribbit (D:7)
  Sigmund (D:6)
  16 yaks
  A shadow (D:9)
  A wyvern (D:9)
  Eustachio (D:6)
  2 humans (D:8)
  2 wargs
  3 water moccasins
  2 orc warriors
  2 black bears
  An ice beast (D:7)
  A phantom (D:5)
  A kobold brigand (D:11)
  A lemure (D:8)
  4 bullfrogs
  Blork the orc (D:6)
  A gnoll sergeant (D:10)
  5 scorpions
  2 oklob saplings (D:9)
  A howler monkey (D:10)
  4 hounds
  2 gnoll boudas
  3 jellies
  Crazy Yiuf (D:7)
  6 orc priests
  Jessica (D:2)
  5 iguanas
  10 orc wizards
  A mummy (D:6)
  23 gnolls
  14 adders
  5 river rats
  A shadow imp (D:5)
  A white imp (D:7)
  3 worms
  3 dart slugs
  25 orcs
  15 ball pythons
  6 bats
  8 endoplasms
  7 giant cockroaches
  5 goblins
  12 hobgoblins
  11 kobolds
  10 quokkas
  5 frilled lizards
  2 kobold zombies (D:6)
  6 rats
255 creatures vanquished.

Vanquished Creatures (collateral kills)
  3 two-headed ogres
  Maggie (D:6)
  4 yaks
  2 orc warriors
  An ogre (D:7)
  A gnoll sergeant (D:6)
  2 orc priests
  An orc wizard (D:9)
  A gnoll (D:6)
  An adder (D:3)
  A dart slug (D:2)
  A kobold (D:11)
  A quokka (D:2)
  A foxfire (D:9)
21 creatures vanquished.

Vanquished Creatures (others)
  A dancing weapon (D:10)
  An adder (D:3)
  A bush (D:9)
  381 foxfires
  8 plants (D:9)
392 creatures vanquished.

Grand Total: 668 creatures vanquished

Notes
Turn   | Place    | Note
-------+----------+-------------------------------------------
     0 | D:1      | croobank the Demonspawn Conjurer began the quest for the
                  | Orb.
     0 | D:1      | Reached XP level 1. HP: 13/13 MP: 3/3
   302 | D:1      | Gained mutation: You are partially covered in sharp spines.
                  | [demonic ancestry]
   302 | D:1      | Reached XP level 2. HP: 7/19 MP: 0/5
   498 | D:1      | Learned a level 2 spell: Searing Ray
   699 | D:1      | Found a faded altar of an unknown god.
  1385 | D:1      | Gained mutation: A weak demonic guardian rushes to your
                  | aid. [demonic ancestry]
  1385 | D:1      | Reached XP level 3. HP: 8/25 MP: 3/6
  1389 | D:1      | Learned a level 3 spell: Dazzling Flash
  2035 | D:2      | Reached skill level 1 in Fighting
  2228 | D:2      | Noticed Jessica
  2235 | D:2      | Killed Jessica
  2236 | D:2      | Gained mutation: You have a somewhat thin skeletal
                  | structure. (Dex +2, Stealth+) [demonic ancestry]
  2236 | D:2      | Reached XP level 4. HP: 32/32 MP: 0/7
  2838 | D:3      | Found a burning altar of Makhleb.
  2846 | D:3      | Found a basalt altar of Yredelemnul.
  2846 | D:3      | Found a blossoming altar of Fedhas.
  2927 | D:3      | Found a stormy altar of Qazlal.
  2927 | D:3      | Found a hazy altar of Hepliaklqana.
  2927 | D:3      | Found an ornate altar of the Wu Jian Council.
  3041 | D:3      | Noticed Grinder
  3289 | D:3      | Found Kedotzoj's General Store.
  3298 | D:3      | Bought a potion of heal wounds for 65 gold pieces
  3386 | D:3      | Reached XP level 5. HP: 37/37 MP: 7/9
  3439 | D:3      | Found a shimmering altar of Xom.
  3551 | D:3      | Found Lugio's Jewellery Shop.
  3554 | D:3      | Found Bak Non's Antique Weapon Shop.
  3589 | D:4      | Noticed a black bear
  3605 | D:4      | Killed a black bear
  3883 | D:4      | You fall into a shaft and drop 1 floor!
  3883 | D:5      | Entered Level 5 of the Dungeon
  3884 | D:5      | Found a staircase to the Ecumenical Temple.
  3927 | Temple   | Entered the Ecumenical Temple
  4075 | Temple   | Became a worshipper of Gozag Ym Sagoz the Greedy
  4226 | D:4      | Gained mutation: A demonic guardian rushes to your aid.
                  | [demonic ancestry]
  4226 | D:4      | Reached XP level 6. HP: 44/44 MP: 6/10
  4377 | D:4      | Reached skill level 5 in Conjurations
  5428 | D:4      | Gained mutation: You have a moderately thin skeletal
                  | structure. (Dex +4, Stealth++) [demonic ancestry]
  5428 | D:4      | Reached XP level 7. HP: 46/51 MP: 7/12
  5808 | D:5      | Learned a level 1 spell: Foxfire
  6005 | D:5      | Found Jeytruegh's Distillery.
  6158 | D:5      | Bought a potion of curing for 42 gold pieces
  6158 | D:5      | Bought 2 potions of curing for 84 gold pieces
  6807 | D:6      | Found a glowing drain.
  6811 | Sewer    | Entered a sewer
  7281 | Sewer    | Reached skill level 1 in Fire Magic
  7416 | Sewer    | Reached skill level 1 in Hexes
  7586 | D:6      | Reached skill level 1 in Armour
  7645 | D:6      | Noticed Eustachio
  7658 | D:6      | Killed Eustachio
  7659 | D:6      | Gained mutation: You are mostly covered in sharp spines.
                  | [demonic ancestry]
  7659 | D:6      | Reached XP level 8. HP: 60/60 MP: 5/14
  7912 | D:6      | Noticed Blork the orc
  7919 | D:6      | Killed Blork the orc
  8214 | D:6      | Found Uneijima's Magic Scroll Shoppe.
  8222 | D:6      | Bought a scroll of identify for 28 gold pieces
  8222 | D:6      | Bought a scroll of identify for 28 gold pieces
  8291 | D:6      | Noticed Maggie
  8298 | D:6      | Learned a level 3 spell: Tukima's Dance
  8303 | D:6      | Killed Maggie
  8304 | D:6      | Reached skill level 6 in Conjurations
  8698 | D:6      | Noticed Sigmund
  9028 | D:6      | Killed Sigmund
  9175 | D:7      | Reached XP level 9. HP: 61/66 MP: 10/16
  9178 | D:7      | Noticed a two-headed ogre
  9548 | D:7      | Reached skill level 5 in Stealth
  9812 | D:7      | Learned a level 3 spell: Mephitic Cloud
  9852 | D:7      | HP: 3/66 [two-headed ogre/+0 giant club (22)]
  9853 | D:7      | Killed a two-headed ogre
  9854 | D:7      | Reached skill level 5 in Dodging
  9854 | D:7      | Reached skill level 5 in Spellcasting
 10208 | D:7      | Noticed Prince Ribbit
 10223 | D:7      | Killed Prince Ribbit
 10224 | D:7      | Reached skill level 5 in Fighting
 10567 | D:7      | Found a runed translucent door.
 10568 | D:7      | Noticed Crazy Yiuf
 10717 | D:7      | Killed Crazy Yiuf
 11248 | D:8      | Noticed Pikel
 11289 | D:8      | Killed Pikel
 11290 | D:8      | Reached XP level 10. HP: 74/74 MP: 15/18
 11542 | D:8      | Reached skill level 7 in Conjurations
 11792 | D:8      | Found an iron altar of Okawaru.
 12258 | D:9      | Learned a level 4 spell: Fulminant Prism
 12415 | D:9      | Noticed Harold
 12438 | D:9      | Killed Harold
 12439 | D:9      | Reached skill level 1 in Poison Magic
 12924 | D:9      | Reached skill level 5 in Hexes
 13064 | D:9      | Noticed a two-headed ogre
 13080 | D:9      | Killed a two-headed ogre
 13310 | D:9      | Gained mutation: You have a pair of small horns on your
                  | head. [demonic ancestry]
 13310 | D:9      | Reached XP level 11. HP: 39/81 MP: 13/20
 14088 | D:10     | Entered Level 10 of the Dungeon
 14363 | D:3      | Killed Grinder
 14364 | D:3      | Reached skill level 5 in Fire Magic
 14435 | D:3      | Bought an amulet of reflection for 300 gold pieces
 14435 | D:3      | Bought a ring of flight for 175 gold pieces
 14522 | D:3      | Found Ife Ditu's General Store.
 14530 | D:3      | Bought a scroll of teleportation for 30 gold pieces
 14530 | D:3      | Bought a scroll of blinking for 75 gold pieces
 15166 | D:9      | Reached skill level 8 in Conjurations
 15815 | D:10     | Found a staircase to the Lair.
 16000 | D:10     | Noticed a two-headed ogre
 16072 | D:10     | Killed a two-headed ogre
 17309 | D:11     | Noticed a two-headed ogre
 17327 | D:11     | Killed a two-headed ogre
 17645 | D:11     | Noticed Fannar
 18028 | D:11     | HP: 4/84 [Fannar/bolt of cold (27)]
 18028 | D:11     | Mangled by a troll

Illustrated notes

Levels and vault maps discovered:
D:1:      giann_forest_graveyard, layout_basic,
          dreamdust_ecumenical_altar_angels_and_demons
D:2:      layout_rooms, uniq_jessica
D:3:      layout_rooms, xom_confusion_cloud, minitemple,
          chequers_temple_overflow_statue_of_worship, serial_shops,
          nicolae_shop_crystal, shop_statue, shop,
          nicolae_shop_advertising_works [nicolae_subvault_shop_adworks],
          uniq_grinder
D:4:      layout_basic, zin_treasury, fountainhead
D:5:      layout_basic, temple_statues, serial_shops, nicolae_stop_n_shop_2
D:6:      layout_loops_corners, serial_shops, nicolae_shop_hallway_plus,
          nicolae_ossuary_entry_giza, gup_sewer_entry_bowl,
          chequers_serial_rivers_large_b, roderic_roman_lattice, uniq_eustachio,
          uniq_maggie, uniq_sigmund, uniq_blork_the_orc
D:7:      layout_basic, uniq_crazy_yiuf_cottage, uniq_prince_ribbit1
D:8:      layout_basic, okawaru_humans, uniq_pikel
D:9:      layout_irregular_city, introduction_to_nature_2, uniq_harold
D:10:     layout_basic, erik_lair_orcish_takeover
D:11:     layout_loops_cross, uniq_fannar
Temple:   jpeg_temple_clearing

Skill      XL: |  1  2  3  4  5  6  7  8  9 10 11 |
---------------+----------------------------------+-----
Stealth        | 2 3 4 5 6 7 |  7.5
Dodging        | 2 3 4 5 6 |  6.8
Fighting       | 1 2 3 4 5 6 7 |  7.1
Spellcasting   | 3 4 5 6 |  6.9
Conjurations   | 5 6 7 8 |  8.4
Fire Magic     | 1 2 3 4 5 |  5.0
Hexes          | 1 2 4 5 |  5.0
Armour         | 1 2 3 4 |  4.0
Poison Magic   | 2 3 |  3.8

Action                   |  1- 3 |  4- 6 |  7- 9 | 10-12 || total
-------------------------+-------+-------+-------+-------++-------
Melee: Unarmed           |    12 |       |       |       ||    12
       Short sword       |       |    20 |       |       ||    20
       War axe           |       |       |   120 |   157 ||   277
       Punch             |       |       |     2 |     4 ||     6
       Headbutt          |       |       |       |    25 ||    25
Throw: Throwing net      |       |     1 |       |       ||     1
 Cast: Magic Dart        |    27 |    48 |    24 |       ||    99
       Searing Ray       |    16 |    31 |    34 |       ||    81
       Dazzling Flash    |       |     1 |     1 |       ||     2
       Foxfire           |       |       |    29 |   194 ||   223
       Tukima's Dance    |       |       |     6 |     9 ||    15
       Mephitic Cloud    |       |       |    15 |    45 ||    60
Evoke: Wand              |       |       |       |     3 ||     3
  Use: Potion            |     1 |     1 |     2 |     5 ||     9
       Scroll            |       |     1 |    17 |     1 ||    19
 Stab: Held in net/web   |       |     1 |       |       ||     1
       Sleeping          |       |     1 |    18 |     1 ||    20
       Confused          |       |       |    14 |    26 ||    40
       Distracted        |       |       |       |     1 ||     1
Armor: Robe              |       |     4 |    32 |    22 ||    58
       Skin              |       |    10 |       |       ||    10
Dodge: Dodged            |    15 |    24 |    96 |   104 ||   239
Block: Other             |       |       |       |    19 ||    19
       Reflection        |       |       |       |     2 ||     2
